 Dungeon Crawl Stone Soup version 0.31-a0-1300-gb6740aa4e6 (webtiles) character file.

Game seed: 1084802314790245394

1701 IdlyInterested the Blocker (level 8, -1/53 (58) HPs)
             Began as a Demonspawn Fighter on Dec 18, 2023.
             Slain by a wight
             ... wielding a +4 war axe
              (7 damage)
             ... on level 6 of the Dungeon.
             The game lasted 00:17:27 (5452 turns).

IdlyInterested the Blocker (Demonspawn Fighter)     Turns: 5452, Time: 00:17:28

HP:   -1/53 (58)    AC: 10    Str: 17    XL:     8   Next: 73%
MP:   10/10         EV: 15    Int:  8    God:
Gold: 279           SH:  7    Dex: 21    Spells: 7/7 levels left

rFire   . . .        a - +0 long sword
rCold   . . .        c - +0 buckler
rNeg    + . .        C - +0 chain mail {rN+}
rPois   .            t - +1 hat
rElec   .            (no cloak)
rCorr   .            (no gloves)
SInv    .            (no boots)
Will    .....        (no amulet) Stlth
                     G - +6 ring of dexterity
HPRegen 0.28/turn    y - +5 ring of evasion
MPRegen 0.24/turn

%: no passive effects
@: drained
A: horns 1, magic regeneration, sturdy frame 1
a: no special abilities


You were on level 6 of the Dungeon.
You visited 2 branches of the dungeon, and saw 7 of its levels.

You collected 279 gold pieces.

Inventory:

Hand Weapons
 a - a +0 long sword (weapon)
 f - a +0 rapier
 m - a +0 long sword
 u - a +2 dagger of electrocution
Missiles
 d - 4 throwing nets
 n - 47 stones (quivered)
 F - 4 poisoned darts
 J - 2 curare-tipped darts
Armour
 c - a +0 buckler (worn)
 t - a +1 hat (worn)
 C - a +0 chain mail of positive energy (worn)
Jewellery
 q - a +6 ring of strength
 y - a +5 ring of evasion (right hand)
 G - a +6 ring of dexterity (left hand)
 H - a ring of resist corrosion
Wands
 w - a wand of flame (8)
 B - a wand of polymorph (10)
Scrolls
 b - 2 scrolls of immolation
 e - 6 scrolls of teleportation
 i - 2 scrolls of revelation
 v - a scroll of blinking
 K - a scroll of amnesia
 L - a scroll of fear
Potions
 g - 2 potions of curing
 k - a potion of heal wounds
 o - 3 potions of brilliance
 r - a potion of ambrosia {unknown}
 z - 2 potions of invisibility
 D - a potion of might
 E - a potion of cancellation {unknown}


   Skills:
 - Level 3.0 Fighting
 - Level 3.0 Long Blades
 - Level 3.0 Throwing
 - Level 3.0 Armour
 - Level 3.0 Dodging
 * Level 8.9 Shields
 + Level 2.8 Invocations


You had 7 spell levels left.
You didn't know any spells.
Your spell library contained the following spells:

 Spells                   Type           Power      Damage    Failure   Level
 Foxfire                  Conj/Fire      0%         2x1d4     96%         1
 Plasma Beam              Fire/Air       0%         2x1d10    100%        6
 Starburst                Conj/Fire      0%         6d3       100%        6


Dungeon Overview and Level Annotations

Branches:
Dungeon (6/15)             Temple (1/1) D:4

Altars:
Ashenzari
Cheibriados
Dithmenos
Fedhas
Gozag
Makhleb
Nemelex Xobeh
Okawaru
Qazlal
Ru
Trog
Vehumet
Wu Jian
Xom


Innate Abilities, Weirdness & Mutations

You have a pair of small horns on your head.
You regenerate magic rapidly.
Your movements are slightly less encumbered by armour. (ER -2)


Message History

You barely miss the wight. You block the wight's attack.
The wight hits you from afar with a +6 spear. x2
You block the wight's attack.
You slash the wight!
You headbutt the wight, but do no damage.
The wight is heavily damaged.
The wight hits you but does no damage.
The wight hits you from afar with a +6 spear!
You closely miss the wight.
The wight is moderately damaged.
You block the wight's attack. x2
You hit the wight.
The wight is severely damaged.
You block the wight's attack.
The wight hits you from afar with a +6 spear.
You block the wight's attack. The wight hits you with a +4 war axe!
* * * LOW HITPOINT WARNING * * *
You closely miss the wight.
The wight is severely damaged.
The wight closely misses you. You block the wight's attack.
You hit the wight but do no damage.
The wight is severely damaged.
The wight hits you with a +4 war axe!
* * * LOW HITPOINT WARNING * * *
The wight closely misses you.
You feel much better. The wight hits you with a +4 war axe.
You block the wight's attack.
You barely miss the wight. Your headbutt misses the wight.
The wight is severely damaged.
The wight barely misses you.
The wight hits you from afar with a +6 spear!
* * * LOW HITPOINT WARNING * * *
You partially resist.
You feel drained.
* * * LOW HITPOINT WARNING * * *
The wight hits you from afar with a +6 spear!
* * * LOW HITPOINT WARNING * * *
You partially resist.
You feel drained.
* * * LOW HITPOINT WARNING * * *
The wight hits you with a +4 war axe!
You die...

...> #... ## ##...
##.###... .....#..#
......# #z.$### .
######.z@..##
..##...........#.
...................
....<...)..........
..##.............#
##.............
##...........##
#.....###...##
##....# #..#


You could see 2 wights.

Vanquished Creatures
  Grinder (D:3)
  Sigmund (D:4)
  A wraith (D:5)
  An ice beast (D:5)
  A black bear (D:5)
  An ogre (D:5)
  4 scorpions (D:5)
  A wight (D:6)
  5 hounds
  2 jellies
  An orc priest (D:3)
  2 sleepcaps
  Robin (D:3)
  16 gnolls
  7 adders
  2 ufetubi (D:5)
  3 worms
  2 dart slugs
  4 orcs
  4 endoplasms
  4 giant cockroaches
  16 goblins
  7 hobgoblins
  2 jackals (D:3)
  4 quokkas
  10 ball pythons
  3 bats
  7 frilled lizards
  8 kobolds
  5 rats
126 creatures vanquished.

Notes
Turn   | Place    | Note
-------+----------+-------------------------------------------
     0 | D:1      | IdlyInterested the Demonspawn Fighter began the quest for
                  | the Orb.
     0 | D:1      | Reached XP level 1. HP: 18/18 MP: 1/1
    97 | D:1      | Gained mutation: You have a pair of small horns on your
                  | head. [demonic ancestry]
    97 | D:1      | Reached XP level 2. HP: 22/24 MP: 2/2
   140 | D:1      | Found a faded altar of an unknown god.
   294 | D:1      | Reached skill level 3 in Shields
   352 | D:1      | Reached XP level 3. HP: 29/29 MP: 3/3
  1054 | D:2      | Reached XP level 4. HP: 10/35 MP: 4/4
  1515 | D:2      | Reached skill level 4 in Shields
  2093 | D:3      | Noticed Robin
  2102 | D:3      | Reached XP level 5. HP: 37/41 MP: 5/5
  2115 | D:3      | Killed Robin
  2116 | D:3      | Reached skill level 1 in Dodging
  2279 | D:3      | Noticed Grinder
  2309 | D:3      | Paralysed by Grinder for 5 turns
  2317 | D:3      | Killed Grinder
  2318 | D:3      | Reached skill level 5 in Shields
  2318 | D:3      | Gained mutation: Your movements are slightly less
                  | encumbered by armour. (ER -2) [demonic ancestry]
  2318 | D:3      | Reached XP level 6. HP: 11/47 MP: 6/6
  2867 | D:4      | Found a burning altar of Makhleb.
  2877 | D:4      | Found a blossoming altar of Fedhas.
  2928 | D:4      | Found a radiant altar of Vehumet.
  3347 | D:4      | Noticed Sigmund
  3348 | D:4      | Found a staircase to the Ecumenical Temple.
  3358 | D:4      | Killed Sigmund
  3359 | D:4      | Reached skill level 6 in Shields
  3359 | D:4      | Reached XP level 7. HP: 44/52 MP: 7/7
  3500 | Temple   | Entered the Ecumenical Temple
  4000 | D:5      | Entered Level 5 of the Dungeon
  4031 | D:5      | Reached skill level 1 in Throwing
  4119 | D:5      | Reached skill level 7 in Shields
  4333 | D:5      | Gained mutation: You regenerate magic rapidly. [demonic
                  | ancestry]
  4333 | D:5      | Reached XP level 8. HP: 57/58 MP: 8/8
  4872 | D:5      | Reached skill level 8 in Shields
  5077 | D:5      | Reached skill level 1 in Invocations
  5145 | D:5      | Identified the +2 robe of Ifuig {rCorr Dex+2}
  5450 | D:6      | HP: 2/56 [wight/+4 war axe (9)]
  5452 | D:6      | Slain by a wight

Illustrated notes

Levels and vault maps discovered:
D:1:      amcnicky_arrival_flooded_fountain, layout_basic,
          dreamdust_ecumenical_altar_angels_and_demons
D:2:      minmay_recursive_quarters, layout_basic, kennysheep_nondescript
D:3:      layout_rooms, elyvilon_altar_1, uniq_robin, uniq_grinder
D:4:      layout_cave_pods, grunt_temple_overflow_open,
          mainiacjoe_overflow_boulevard, minmay_temple_entry_wispy, uniq_sigmund
D:5:      layout_loops_ring, serial_library_hellmonk_filled_rooms, st_stairs_11,
          nicolae_letterblocks [nicolae_letter_subblock,
          nicolae_letter_subblock, nicolae_letter_subblock,
          nicolae_letter_subblock, nicolae_letter_subblock,
          nicolae_letter_subblock, nicolae_letter_subblock,
          nicolae_letter_subblock, nicolae_letter_subblock,
          nicolae_letter_subblock, nicolae_letter_subblock,
          nicolae_letter_subblock, nicolae_letter_subblock,
          nicolae_letter_subblock, nicolae_letter_subblock,
          nicolae_letter_subblock, nicolae_letter_subblock,
          nicolae_letter_subblock, nicolae_letter_subblock,
          nicolae_letter_subblock, nicolae_letter_subblock,
          nicolae_letter_subblock, nicolae_letter_subblock,
          nicolae_letter_subblock, nicolae_letter_subblock]
D:6:      layout_cave_pools, kennysheep_orc_sif_temple, serial_shops, shop
Temple:   nicolae_temple_ecumenical_triangle

Skill      XL: |  1  2  3  4  5  6  7  8 |
---------------+-------------------------+-----
Long Blades    | 2 3 |  3.0
Shields        | 3 4 5 6 7 8 |  8.9
Armour         | 3 |  3.0
Dodging        | 2 3 |  3.0
Throwing       | 2 3 |  3.0
Invocations    | 2 |  2.8
Fighting       | |  3.0

Action                     |  1- 3 |  4- 6 |  7- 9 || total
---------------------------+-------+-------+-------++-------
  Melee: Long sword        |    90 |   167 |   211 ||   468
         Headbutt          |    12 |    20 |    57 ||    89
         Unarmed           |       |    19 |       ||    19
  Throw: Stone             |       |     4 |    37 ||    41
    Use: Scroll            |     2 |     4 |     2 ||     8
         Potion            |     2 |     3 |     1 ||     6
 Armour: Chain mail        |    80 |    55 |   135 ||   270
         Scale mail        |     2 |       |       ||     2
         Plate armour      |       |    87 |       ||    87
         Skin              |       |    20 |       ||    20
  Dodge: Dodged            |    45 |    89 |   185 ||   319
  Block: Buckler           |    24 |    43 |    91 ||   158

Table legend: (Time is in decaauts)
 A = Elapsed time spent in this place.
 B = Non-inter-level travel time spent in this place.
 C = Inter-level travel time spent in this place.
 D = Time resting spent in this place.
 E = Time spent auto-exploring this place.
 F = Levels seen in this place.
 G = Mean time per level.
                   A        B        C        D        E       F      G
               +--------+--------+--------+--------+--------+-----+--------+
         Total |   5605 |   5265 |    340 |   1205 |   2481 |   7 |  800.7 |
       Dungeon |   5604 |   5264 |    340 |   1205 |   2481 |   6 |  934.0 |
        Temple |      1 |      1 |      0 |      0 |      0 |   1 |    1.0 |
               +--------+--------+--------+--------+--------+-----+--------+

Top non-repeatable levels by time:
     D:5: 1430 daAuts
     D:4: 1272 daAuts
     D:2: 1143 daAuts
     D:3: 920 daAuts
     D:1: 797 daAuts
     D:6: 38 daAuts
  Temple: 1 daAuts
